 Dungeon Crawl Stone Soup version 0.24-a0-769-g368c1644f8 (webtiles) character file.

Game seed: 10135269534156292803, levelgen mode: deterministic

79 Argons the Sneak (level 4, -1/26 HPs)
             Began as a Kobold Wizard on Oct 3, 2019.
             Slain by a goblin (6 damage)
             ... led by Robin
             ... on level 3 of the Dungeon on Oct 5, 2019.
             The game lasted 00:19:28 (4106 turns).

Argons the Sneak (Kobold Wizard)                    Turns: 4106, Time: 00:19:28

Health: -1/26      AC:  2    Str:  4    XL:     4   Next: 62%
Magic:  2/8        EV: 15    Int: 20    God:
Gold:   44         SH:  0    Dex: 13    Spells: 4/9 levels left

rFire    . . .     SeeInvis .   i - +1 short sword
rCold    . . .     Gourm    .   (shield restricted)
rNeg     . . .     Faith    .   a - +0 robe
rPois    .         Spirit   .   b - +0 hat
rElec    .         Reflect  .   (no cloak)
rCorr    .         Harm     .   (no gloves)
MR       .....                  (no boots)
Stlth    +++.......             (no amulet)
HPRegen  0.08/turn              (no ring)
MPRegen  0.11/turn              (no ring)

@: about to teleport
A: small, carnivore
a: no special abilities


You were on level 3 of the Dungeon.
You were completely stuffed.

You visited 1 branch of the dungeon, and saw 3 of its levels.

You collected 44 gold pieces.

Inventory:

Hand Weapons
 i - a +1 short sword (weapon)
Armour
 a - a +0 robe (worn)
 b - a +0 hat (worn)
Jewellery
 h - an uncursed ring of stealth {unknown}
Scrolls
 c - 4 scrolls of identify
 l - a scroll of noise {unknown}
Potions
 g - 3 potions of agility
 j - a potion of magic
 k - a potion of lignification {unknown}
Comestibles
 d - 5 rations
 f - 3 chunks of flesh


   Skills:
 - Level 2.0 Fighting
 + Level 2.6 Short Blades
 - Level 2.4 Dodging
 + Level 4.6 Stealth
 - Level 3.2 Spellcasting
 - Level 1.0 Conjurations
 - Level 1.0 Summonings
 - Level 1.0 Translocations


You had 4 spell levels left.
You knew the following spells:

 Your Spells              Type           Power        Failure   Level  Hunger
a - Magic Dart            Conj           #...         10%         1    None
b - Call Imp              Summ           #.......     14%         2    ##.....
c - Blink                 Tloc           N/A          14%         2    ##.....

Your spell library contained the following spells:

 Spells                   Type           Power        Failure   Level  Hunger
 Slow                     Hex            #.......     22%         2    ##.....
 Conjure Flame            Conj/Fire      #.......     34%         3    ###....
 Mephitic Cloud           Conj/Pois/Air  #.......     36%         3    ###....


Dungeon Overview and Level Annotations

Branches:
Dungeon (3/15)

Altars:

Annotations:
D:3 Ijyb, Robin


Innate Abilities, Weirdness & Mutations

You are small and have problems with some larger weapons.
You are carnivorous and can eat meat at any time.


Message History

A goblin comes into view.
The goblin hits you. Robin hits you but does no damage.
You hit the goblin.
You kill the goblin!
Robin closely misses you.
You see here a goblin corpse.
Ijyb the Twisted Goblin comes into view.
She is carrying a wand of clouds (9).
Robin roars a battlecry!
Ijyb goes into a battle-frenzy!
Robin roars a battlecry!
Robin throws the goblin at you!
You barely miss the goblin. The goblin hits you. Robin throws Ijyb at you!
As you read the scroll of teleportation, it crumbles to dust.
You feel strangely unstable. The goblin closely misses you. Ijyb hits you.
You hit the goblin but do no damage. The goblin closely misses you.
Ijyb hits you.
* * * LOW HITPOINT WARNING * * *
Your magical contamination has completely faded away.
You completely miss the goblin. The goblin hits you.
You die...

#.# #....#
#######.)...##
#.# #....#
#...).g......(
#.# #....#
#.############
#.# ###### #g#
#.# #g# #.# #.#
#.# #.#
#.#############.#
#.........g@gg..#
#.###############
#.# #.# ###


You could see Ijyb, Robin and a goblin.

Vanquished Creatures
  An adder (D:2)
  A worm (D:2)
  2 dart slugs
  A leopard gecko (D:2)
  6 bats
  9 goblins
  3 hobgoblins
  5 jackals
  A quokka (D:2)
  3 frilled lizards
  8 kobolds
  5 rats
45 creatures vanquished.

Vanquished Creatures (collateral kills)
  2 adders (D:2)
  A goblin (D:3)
  A hobgoblin (D:2)
4 creatures vanquished.

Grand Total: 49 creatures vanquished

Notes
Turn   | Place    | Note
-------+----------+-------------------------------------------
     0 | D:1      | Argons the Kobold Wizard began the quest for the Orb.
     0 | D:1      | Reached XP level 1. HP: 10/10 MP: 4/4
   288 | D:1      | Reached skill level 3 in Stealth
  1126 | D:1      | Reached skill level 1 in Fighting
  1126 | D:1      | Reached XP level 2. HP: 9/16 MP: 1/6
  1363 | D:1      | Learned a level 2 spell: Call Imp
  1366 | D:1      | Learned a level 2 spell: Blink
  1802 | D:2      | Reached skill level 1 in Short Blades
  1802 | D:2      | Reached XP level 3. HP: 20/20 MP: 5/7
  2634 | D:2      | Reached skill level 4 in Stealth
  2840 | D:2      | Reached XP level 4. HP: 19/26 MP: 1/8
  3442 | D:2      | Upgraded the game from 0.24-a0-762-gca426f56c8 to
                  | 0.24-a0-769-g368c1644f8
  4037 | D:3      | Noticed Robin
  4097 | D:3      | Noticed Ijyb
  4106 | D:3      | Slain by a goblin

Levels and vault maps discovered:
D:1:      dpeg_arrival_three_same_balls, layout_basic, serial_forest,
          infiniplex_forest_clump_double, infiniplex_forest_clump_diagonal,
          infiniplex_forest_lined_3, infiniplex_forest_join
D:2:      layout_basic
D:3:      layout_basic, uniq_ijyb, uniq_robin

Skill      XL: |  1  2  3 |
---------------+----------+-----
Stealth        | 3 4 |  4.6
Fighting       | 1 2 |  2.0
Short Blades   | 1 2 |  2.6
Dodging        | |  2.4
Spellcasting   | |  3.2
Conjurations   | |  1.0
Summonings     | |  1.0
Translocations | |  1.0

Action                   |  1- 3 |  4- 6 || total
-------------------------+-------+-------++-------
Melee: Whip              |    20 |       ||    20
       Short sword       |    31 |    51 ||    82
 Cast: Magic Dart        |    56 |    35 ||    91
       Call Imp          |     2 |     5 ||     7
  Use: Scroll            |     2 |     6 ||     8
 Stab: Sleeping          |     2 |     1 ||     3
       Distracted        |     1 |       ||     1
  Eat: Chunk             |    14 |     4 ||    18
Armor: Robe              |     8 |     4 ||    12
Dodge: Dodged            |    44 |    32 ||    76

Table legend:
 A = Non-vault XP
 B = Vault XP
 C = Vault XP percentage of total XP
 D = Non-vault monster count
 E = Vault monster count
 F = Vault count percentage of total count
                 A         B        C        D         E       F
            +---------+---------+-------+---------+---------+-------
      Total |     100 |      13 |  11.5 |      42 |       7 |  14.3
            +---------+---------+-------+---------+---------+-------
        D:1 |      27 |       0 |   0.0 |      15 |       0 |   0.0
        D:2 |      61 |       0 |   0.0 |      20 |       0 |   0.0
        D:3 |      12 |      13 |  52.0 |       7 |       7 |  50.0
            +---------+---------+-------+---------+---------+-------
